Map: Cerulean Fall LE

Players

Zest - Winner!

  • Race: Protoss Protoss
  • League: Master
  • Spawn Location: 7:00

Classic

  • Race: Protoss Protoss
  • League: Master
  • Spawn Location: 1:00

Event: IEM Season 13 - Katowice Server Qualifiers Asia 2

VOD

Have the link to the VOD?

Description

Time

  • Played on: Jan. 22, 2019, 8:53 a.m.
  • Length: 10:38

All games in this series

Show
View Real Time Build Order
Export as new Build Order

Zest Protoss - Winner!

Build Orders: Phoenix Opening, Zealot Archon 

Get SALT Encoding   

  12  0:00  Probe  
  13  0:12  Probe  
  14  0:17  Pylon  
  14  0:24  Probe  
  15  0:32  Probe  
  15  0:37  Gateway  
  15  0:40  Probe  
  16  0:47  Assimilator  
  17  0:51  Probe  
  17  0:55  Assimilator  
  18  0:59  Probe  
  19  1:07  Probe  
  19  1:08  Gateway  
  19  1:17  Probe  
  20  1:24  Cybernetics Core  
  21  1:29  Probe  
  22  1:34  Pylon  
  22  1:41  Probe  
  23  1:53  Probe  
  24  2:01  Sentry, Warp Gate, Stalker  
  28  2:12  Pylon  
  28  2:22  Pylon  
  28  2:34  Phoenix  
  28  2:39  Nexus  
  28  2:49  Stalker  
  28  2:50  Stalker  
  32  2:53  Probe  
  34  3:05  Probe  
  34  3:17  Probe  
  35  3:29  Probe  
  36  3:34  Stargate  
  36  3:36  Stargate  
  36  3:38  Probe  
  36  3:40  Shield Battery  
  36  3:46  Probe  
  36  3:47  Probe  
  39  3:55  Probe  
  39  3:56  Probe  
  41  4:05  Probe  
  41  4:08  Probe  
  43  4:10  Pylon  
  43  4:11  Phoenix x2  
  43  4:12  Phoenix  
  43  4:15  Shield Battery  
  43  4:17  Probe  
  43  4:20  Probe  
  49  4:29  Probe  
  49  4:31  Assimilator  
  50  4:32  Probe  
  50  4:33  Assimilator  
  50  4:34  Phoenix  
  50  4:38  Phoenix  
  53  4:43  Probe  
  53  4:44  Probe  
  57  4:50  Shield Battery  
  57  4:55  Probe  
  57  4:56  Probe  
  57  5:01  Robotics Facility  
  57  5:03  Probe  
  57  5:08  Probe  
  57  5:09  Pylon  
  57  5:11  Probe  
  59  5:18  Forge, Twilight Council  
  59  5:20  Probe  
  61  5:21  Pylon  
  61  5:22  Probe  
  62  5:31  Protoss Ground Weapons Level 1  
  62  5:33  Probe  
  62  5:35  Gateway  
  63  5:36  Gateway  
  63  5:48  Probe x2  
  65  5:57  Charge  
  65  6:00  Templar Archives  
  64  6:05  Adept x2  
  65  6:21  Gateway, Immortal  
  65  6:22  Gateway  
  69  6:39  High Templar x2, Zealot  
  75  6:44  Archon  
  75  6:46  Pylon  
  75  6:50  Warp Prism  
  75  6:51  Nexus  
  75  6:55  Pylon  
  77  7:15  High Templar x2  
  77  7:16  Zealot x4  
  77  7:19  Observer  
  77  7:20  Archon  
  89  7:27  Pylon  
  89  7:28  Pylon  
  90  7:30  Protoss Ground Weapons Level 2  
  90  7:38  Gateway  
  90  7:41  Gateway, High Templar x2  
  94  7:44  Pylon  
  94  7:45  Archon  
  94  7:55  Zealot x4  
  94  7:58  Probe x2  
  104  8:20  High Templar  
  104  8:21  High Templar, Zealot x4  
  104  8:24  Archon  
  116  8:37  Zealot x2  
  120  9:00  High Templar x2  
  120  9:01  Zealot x4  
  132  9:04  Archon  
  132  9:07  Shield Battery  
  132  9:09  Pylon  
  132  9:14  Pylon  
  120  9:26  Observer  
  120  9:32  High Templar x2  
  120  9:33  Zealot x6  
  136  9:38  Archon  
  136  9:54  High Templar x2  
  138  10:01  Zealot x3  
  138  10:02  Zealot  
  142  10:07  Archon  
  116  10:16  Zealot x2  
  104  10:24  Zealot x4  
Show
View Real Time Build Order
Export as new Build Order

Classic Protoss 

Build Orders: Oracle Opening, Phoenix Opening 

Get SALT Encoding   

  12  0:01  Probe  
  13  0:13  Probe  
  14  0:18  Pylon  
  14  0:24  Probe  
  15  0:32  Probe  
  15  0:40  Gateway, Probe  
  16  0:46  Assimilator  
  17  0:51  Probe  
  17  0:54  Assimilator  
  18  0:59  Probe  
  19  1:07  Probe  
  20  1:14  Gateway  
  20  1:18  Probe  
  21  1:27  Cybernetics Core  
  21  1:30  Probe  
  22  1:37  Pylon  
  22  1:42  Probe  
  23  1:55  Probe  
  24  2:03  Stalker  
  24  2:04  Sentry, Warp Gate  
  28  2:10  Pylon  
  28  2:28  Stargate  
  28  2:34  Stalker  
  28  2:36  Phoenix  
  30  2:53  Nexus  
  30  2:59  Stalker  
  32  3:06  Probe  
  35  3:19  Pylon  
  35  3:21  Oracle  
  35  3:28  Probe  
  37  3:38  Shield Battery  
  37  3:40  Probe  
  38  3:49  Oracle  
  38  3:52  Probe  
  42  4:04  Probe  
  42  4:05  Probe  
  42  4:08  Robotics Facility  
  44  4:16  Probe  
  44  4:17  Probe  
  45  4:18  Adept  
  45  4:20  Adept  
  50  4:24  Probe  
  50  4:25  Probe  
  52  4:32  Probe  
  52  4:33  Probe  
  52  4:37  Pylon  
  54  4:42  Sentry, Probe  
  54  4:43  Probe  
  58  4:51  Twilight Council  
  55  4:54  Probe  
  55  4:55  Probe  
  53  5:03  Assimilator  
  53  5:05  Assimilator  
  53  5:06  Probe, Stalker x2  
  58  5:07  Probe  
  61  5:17  Probe  
  61  5:18  Probe  
  61  5:19  Pylon  
  61  5:20  Forge  
  63  5:25  Probe  
  63  5:26  Probe  
  59  5:28  Blink  
  59  5:29  Adept x2  
  59  5:33  Probe  
  59  5:34  Probe  
  64  5:39  Protoss Ground Weapons Level 1  
  66  5:45  Probe  
  66  5:49  Probe  
  68  5:53  Pylon  
  68  5:55  Stalker x2  
  72  5:57  Probe  
  73  6:04  Pylon  
  69  6:13  Probe x2  
  68  6:19  Pylon  
  68  6:25  Gateway  
  68  6:28  Stalker x2  
  68  6:29  Gateway  
  68  6:32  Pylon  
  72  6:40  Gateway  
  72  6:42  Gateway  
  72  6:56  Gateway  
  72  6:59  Robotics Facility, Protoss Ground Weapons Level 2  
  72  7:02  Gateway  
  72  7:16  Templar Archives  
  72  7:26  Nexus  
  72  7:29  Charge  
  72  7:36  Zealot  
  72  7:37  Zealot x4  
  78  7:39  Zealot  
  84  7:47  Warp Prism  
  86  7:52  Pylon  
  86  7:54  High Templar  
  86  7:58  High Templar x3  
  94  8:01  Archon  
  94  8:02  Archon  
  94  8:08  Pylon x2  
  94  8:15  Pylon  
  94  8:16  Pylon  
  94  8:27  Pylon  
  94  8:28  High Templar x2  
  91  8:34  Archon  
  91  8:38  Zealot x4  
  91  8:39  Zealot  
  99  9:06  High Templar x2, Zealot x5  
  99  9:09  Zealot  
  115  9:10  Archon  
  97  9:31  High Templar x2  
  97  9:32  Zealot x4  
  97  9:36  Archon  
  109  9:38  Zealot x2  
  113  9:59  High Templar x2, Zealot x4  
  122  10:03  Archon  
  122  10:04  Zealot  
  62  10:21  Zealot x4  
  62  10:25  Zealot  
  62  10:27  Zealot  
  68  10:31  Zealot  

Tags
 
Add a new tag
Caveats
  • Supply blocks, unpowered buildings, or Contaminate may cause inaccurate times.
  • Supply counts are checked every 10 seconds.